 Dungeon Crawl Stone Soup version 0.30-a0-1161-g0704695555 (webtiles) character file.

Game seed: 2241997011038696832

7 CowFu the Caller (level 2, -2/15 HPs)
             Began as a Kobold Summoner on Apr 27, 2023.
             Slain by a quokka (4 damage)
             ... on level 1 of the Dungeon.
             The game lasted 00:00:39 (143 turns).

CowFu the Caller (Kobold Summoner)                   Turns: 143, Time: 00:00:39

Health: -2/15      AC:  2    Str:  5    XL:     2   Next: 5%
Magic:  1/5        EV: 15    Int: 16    God:
Gold:   4          SH:  0    Dex: 15    Spells: 4/5 levels left

rFire   . . .        a - +0 dagger
rCold   . . .        (no shield)
rNeg    . . .        c - +0 robe
rPois   .            (no helmet)
rElec   .            (no cloak)
rCorr   .            (no gloves)
SInv    .            (no boots)
Will    .....        (no amulet)
Stlth   +++          (no ring)
HPRegen 0.22/turn    (no ring)
MPRegen 0.09/turn

%: no passive effects
@: no status effects
A: small, no large weapons, nightstalker 3
a: no special abilities


You were on level 1 of the Dungeon.
You visited 1 branch of the dungeon, and saw 1 of its levels.

You collected 4 gold pieces.

Inventory:

Hand Weapons
 a - a +0 dagger (weapon)
Armour
 c - a +0 robe (worn)
Potions
 b - a potion of magic
 d - a potion of brilliance {unknown}


   Skills:
 + Level 1.0 Short Blades
 - Level 2.4 Dodging
 - Level 2.6 Stealth
 - Level 2.1 Spellcasting
 + Level 4.2 Summonings


You had 4 spell levels left.
You knew the following spells:

 Your Spells              Type           Power      Damage    Failure   Level
a - Summon Small Mammal   Summ           60%        N/A       3%          1

Your spell library contained the following spells:

 Spells                   Type           Power      Damage    Failure   Level
 Call Imp                 Summ           30%        N/A       5%          2
 Call Canine Familiar     Summ           15%        N/A       11%         3
 Necrotise                Necr           4%         1d4       21%         1
 Summon Guardian Golem    Hex/Summ       8%         N/A       26%         3
 Vampiric Draining        Necr           1%         2d6       52%         3
 Summon Lightning Spire   Summ/Air       8%         N/A       63%         4
 Agony                    Necr           1%         N/A       99%         5


Dungeon Overview and Level Annotations

Branches:
Dungeon (1/15)

Altars:


Innate Abilities, Weirdness & Mutations

You are small and have problems with some larger weapons.
You are completely attuned to the shadows.


Message History

The giant cockroach is heavily wounded.
Your quokka bites the quokka.
The quokka misses your quokka. The giant cockroach barely misses you.
You hit the giant cockroach.
The giant cockroach is severely wounded.
Your quokka bites the giant cockroach.
The giant cockroach dies!
The quokka bites you.
Ouch! That really hurt!
A kobold comes into view.
It is wielding a +1 short sword of flaming.
Your quokka bites the quokka but does no damage.
Your Short Blades skill increases to level 1!
You have reached level 2!
Your bat hits the quokka. The quokka bites your quokka. x2
Your quokka dies!
Your quokka's corpse disappears in a puff of smoke!
Your bat closely misses the quokka.
The quokka barely misses your bat.
You hit the quokka.
The quokka is severely wounded.
Your bat closely misses the quokka. x2
The goblin hits your bat with a +0 dagger.
The kobold hits you with a +1 short sword of flaming.
The kobold burns you.
* * * LOW HITPOINT WARNING * * *
The quokka bites you but does no damage.
You are too injured to fight recklessly!
Casting: Summon Small Mammal (safe; 3% risk of failure)
Confirm with . or Enter, or press ? or * to list all spells.
Your bat hits the quokka but does no damage.
The quokka bites you.
* * * LOW HITPOINT WARNING * * *
The quokka closely misses you. The goblin completely misses your bat.
The kobold closely misses you.
You closely miss the kobold.
Your bat hits the quokka but does no damage.
The quokka completely misses you. The quokka misses you. The kobold misses you.
Your quokka closely misses the kobold.
You closely miss the kobold.
Your bat closely misses the quokka.
The quokka bites you.
You die...

r. #. #.
###.#########
....gr@r....#
....br.K.##.########
###.####.##........#
#. #...........####
#. #.#####.#.......
# #.#.......
#.........
#..##..... .. #.....


You could see 2 quokkas, a goblin, a kobold (ally target), a friendly quokka
(summoned) and a friendly bat (summoned).

Vanquished Creatures
  A jackal (D:1)
  A quokka (D:1)
2 creatures vanquished.

Vanquished Creatures (collateral kills)
  A giant cockroach (D:1)
  A goblin (D:1)
  A jackal (D:1)
3 creatures vanquished.

Grand Total: 5 creatures vanquished

Notes
Turn   | Place    | Note
-------+----------+-------------------------------------------
     0 | D:1      | CowFu the Kobold Summoner began the quest for the Orb.
     0 | D:1      | Reached XP level 1. HP: 10/10 MP: 3/3
   139 | D:1      | Reached skill level 1 in Short Blades
   139 | D:1      | Reached XP level 2. HP: 7/15 MP: 1/5
   143 | D:1      | Slain by a quokka

Illustrated notes

Levels and vault maps discovered:
D:1:      ebering_trefoil_3fold, layout_loops_ring,
          ebering_ecumenical_altar_mist, hangedman_decor_slide_cut

Skill      XL: |  1 |
---------------+----+-----
Short Blades   | 1 |  1.0
Dodging        | |  2.4
Stealth        | |  2.6
Spellcasting   | |  2.1
Summonings     | |  4.2

Action                     || total
---------------------------++-------
  Melee: Dagger            ||    18
         Unarmed           ||     2
   Cast: Summon Small Mamm ||     7
 Armour: Robe              ||     3
  Dodge: Dodged            ||    28

Table legend: (Time is in decaauts)
 A = Elapsed time spent in this place.
 B = Non-inter-level travel time spent in this place.
 C = Inter-level travel time spent in this place.
 D = Time resting spent in this place.
 E = Time spent auto-exploring this place.
 F = Levels seen in this place.
 G = Mean time per level.
                   A        B        C        D        E       F      G
               +--------+--------+--------+--------+--------+-----+--------+
         Total |    142 |    142 |      0 |      0 |     75 |   1 |  142.0 |
       Dungeon |    142 |    142 |      0 |      0 |     75 |   1 |  142.0 |
               +--------+--------+--------+--------+--------+-----+--------+

Top non-repeatable levels by time:
     D:1: 142 daAuts
